 Dungeon Crawl Stone Soup version 0.30-a0-924-g0ad0bf95bc (webtiles) character file.

Game seed: 7488817005013445871

496 Iich the Chopper (level 6, -18/51 HPs)
             Began as a Demonspawn Fighter on Mar 22, 2023.
             Demolished by an ogre
             ... wielding a +0 giant club
              (32 damage)
             ... on level 4 of the Dungeon.
             The game lasted 00:09:27 (3259 turns).

Iich the Chopper (Demonspawn Fighter)               Turns: 3259, Time: 00:09:28

Health: -18/51     AC: 10    Str: 17    XL:     6   Next: 93%
Magic:  6/6        EV:  8    Int:  9    God:
Gold:   195        SH:  8    Dex: 14    Spells: 5/5 levels left

rFire   . . .      SeeInvis .    a - +0 war axe
rCold   . . .      Faith    .    c - +0 buckler
rNeg    . . .      Spirit   .    b - +0 scale mail
rPois   .          Reflect  .    (helmet restricted)
rElec   .          Rampage  .    (no cloak)
rCorr   .                        p - +1 pair of gloves
Will    .....                    (no boots) Stlth
                                 (no amulet)
HPRegen 1.28/turn                (no ring)
MPRegen 0.10/turn                (no ring)

@: no status effects
A: antennae 1, icy blue scales 1, powered by death 2, condensation shield, sense
surroundings 1, evolution 1
a: no special abilities


You were on level 4 of the Dungeon.
You visited 1 branch of the dungeon, and saw 5 of its levels.
You also visited: Sewer.

You collected 195 gold pieces.

Inventory:

Hand Weapons
 a - a +0 war axe (weapon)
Armour
 b - a +0 scale mail (worn)
 c - a +0 buckler (worn)
 p - a +1 pair of gloves (worn)
Wands
 l - a wand of roots (3)
 v - a wand of paralysis (8)
Scrolls
 e - a scroll of enchant weapon
 f - a scroll of silence {unknown}
 g - a scroll of enchant armour
 j - a scroll of blinking {unknown}
 k - a scroll of noise
 q - a scroll of immolation {unknown}
 r - a scroll of fog {unknown}
 t - a scroll of teleportation
 u - a scroll of acquirement {unknown}
Potions
 d - a potion of might
 h - a potion of mutation
 m - 2 potions of cancellation
 n - a potion of ambrosia {unknown}
 o - a potion of haste {unknown}
 s - a potion of heal wounds {unknown}


   Skills:
 + Level 5.1 Fighting
 * Level 5.7 Axes
 - Level 2.6 Armour
 - Level 2.6 Shields


You had 5 spell levels left.
You didn't know any spells.
Your spell library was empty.

Dungeon Overview and Level Annotations

Branches:
Dungeon (5/15)              Sewer (visited)
 Temple: D:4-7

Altars:
Qazlal
Uskayaw


Innate Abilities, Weirdness & Mutations

You have a pair of small antennae on your head.
You are partially covered in icy blue scales. (AC +2)
You regenerate health from kills.
A meltable shield of frost defends you. (SH +4)
You passively map a small area around you.
You have hidden genetic potential.


Message History

You closely miss the hobgoblin. The hobgoblin barely misses you.
The hobgoblin closely misses you.
You hit the hobgoblin.
The hobgoblin is heavily wounded.
You hit the endoplasm.
The hobgoblin hits you but does no damage.
The endoplasm freezes you.
You are frozen.
You take 2 damage, and have 49/51 hp.
You hit the hobgoblin but do no damage.
The hobgoblin is heavily wounded.
You slash the endoplasm!
You kill the endoplasm!
The hobgoblin closely misses you.
Unknown command.
You hit the hobgoblin.
You kill the hobgoblin!
The ogre barely misses you.
Health restored: 51 Unknown command.
You hit the ogre.
The ogre is lightly wounded.
You hit the ogre.
The ogre is lightly wounded.
The ogre hits you with a +0 giant club!!
Unknown command.
You take 22 damage, and have 29/51 hp. !!!!--MASSIVE DAMAGE--!!!!
You are too injured to fight recklessly!
Unknown command.
You are too injured to fight recklessly!
You slash the ogre!
The ogre is moderately wounded.
The ogre hits you with a +0 giant club!!
* * * LOW HITPOINT WARNING * * *
You take 17 damage, and have 12/51 hp. !!!!--MASSIVE DAMAGE--!!!!
You slash the ogre!
The ogre is severely wounded.
The ogre hits you with a +0 giant club!!
Ouch! That really hurt!
You die...

###...## ##..........####..
#....########....###...).##...
##.............### #..........
#..............# *#....#......
#......#####...# #....##......
#.......# #...###...###......
#..#....# ##...#...###.......
#..####...#*
#......###........ *#.. ##...*
#@....###......... ...* *....
#O...##*#......... * ,,,
.....# #.......... ..
.....###....###.... .. ......#
#.### #..### .# #.....## ##
#..# ## #..)..# #...#
**#.....# #..## #.:** *


You could see an ogre.

Vanquished Creatures
  4 jellies
  A sleepcap (D:4)
  An orc priest (D:4)
  An iguana (D:5)
  2 orc wizards
  5 adders
  6 river rats
  2 worms
  A dart slug (D:4)
  13 orcs
  8 bats
  15 endoplasms
  6 giant cockroaches
  4 goblins
  10 hobgoblins
  9 jackals
  4 quokkas
  17 ball pythons
  9 frilled lizards
  3 kobolds
  9 rats
130 creatures vanquished.

Notes
Turn   | Place    | Note
-------+----------+-------------------------------------------
     0 | D:1      | Iich the Demonspawn Fighter began the quest for the Orb.
     0 | D:1      | Reached XP level 1. HP: 18/18 MP: 1/1
   129 | D:1      | Gained mutation: You regenerate a little health from kills.
                  | [demonic ancestry]
   129 | D:1      | Reached XP level 2. HP: 23/24 MP: 2/2
   415 | D:1      | Found a faded altar of an unknown god.
   729 | D:2      | Gained mutation: You are partially covered in icy blue
                  | scales. (AC +2) [demonic ancestry]
   729 | D:2      | Reached XP level 3. HP: 26/29 MP: 3/3
   865 | D:2      | Found a hide-covered altar of Uskayaw.
  1395 | D:3      | Gained mutation: A meltable shield of frost defends you.
                  | (SH +4) [demonic ancestry]
  1395 | D:3      | Reached XP level 4. HP: 36/37 MP: 4/4
  1754 | D:3      | Gained mutation: You regenerate health from kills. [demonic
                  | ancestry]
  1754 | D:3      | Reached XP level 5. HP: 42/42 MP: 5/5
  1951 | D:3      | Found a stormy altar of Qazlal.
  2094 | D:3      | You fall into a shaft and drop 2 floors!
  2094 | D:5      | Entered Level 5 of the Dungeon
  2668 | D:4      | Gained mutation: You have a pair of small antennae on your
                  | head. [demonic ancestry]
  2668 | D:4      | Reached XP level 6. HP: 40/49 MP: 6/6
  2727 | D:4      | Reached skill level 5 in Axes
  2736 | D:4      | Found a glowing drain.
  2751 | Sewer    | Entered a sewer
  2974 | Sewer    | Found a viscous altar of Jiyva.
  3011 | Sewer    | Reached skill level 5 in Fighting
  3109 | Sewer    | Gained mutation: You passively map a small area around you.
                  | [potion of mutation]
  3109 | Sewer    | Gained mutation: You have hidden genetic potential. [potion
                  | of mutation]
  3259 | D:4      | Demolished by an ogre

Illustrated notes

Levels and vault maps discovered:
D:1:      roderic_chinese_lattice_arrival, layout_loops_ring,
          dilly_ecumenical_altar_fadedgnrine
D:2:      layout_basic, basic_altar
D:3:      layout_basic, mainiacjoe_overflow_surrounded_room,
          chequers_mini_garden
D:4:      layout_layer_cave, portal_sewer_entry_e
D:5:      layout_loops_ring, lemuel_doored_altar,
          minmay_temple_entry_steel_oval, chequers_serial_rivers_small_b,
          hangedman_decor_opposing

Skill      XL: |  1  2  3  4  5  6 |
---------------+-------------------+-----
Axes           | 2 3 4 5 |  5.7
Fighting       | 4 5 |  5.1
Armour         | |  2.6
Shields        | |  2.6

Action                     |  1- 3 |  4- 6 || total
---------------------------+-------+-------++-------
  Melee: War axe           |   140 |   250 ||   390
    Use: Scroll            |     3 |     3 ||     6
         Potion            |       |     5 ||     5
 Armour: Scale mail        |    83 |   157 ||   240
  Dodge: Dodged            |    66 |    98 ||   164
  Block: Buckler           |    34 |   124 ||   158

Table legend: (Time is in decaauts)
 A = Elapsed time spent in this place.
 B = Non-inter-level travel time spent in this place.
 C = Inter-level travel time spent in this place.
 D = Time resting spent in this place.
 E = Time spent auto-exploring this place.
 F = Levels seen in this place.
 G = Mean time per level.
                   A        B        C        D        E       F      G
               +--------+--------+--------+--------+--------+-----+--------+
         Total |   3422 |   3314 |    108 |    179 |   1840 |   6 |  570.3 |
       Dungeon |   2999 |   2891 |    108 |    179 |   1631 |   5 |  599.8 |
         Sewer |    422 |    422 |      0 |      0 |    209 |   1 |  422.0 |
               +--------+--------+--------+--------+--------+-----+--------+

Top non-repeatable levels by time:
     D:2: 907 daAuts
     D:4: 760 daAuts
     D:1: 692 daAuts
     D:3: 576 daAuts
   Sewer: 422 daAuts
     D:5: 62 daAuts
